 Dungeon Crawl Stone Soup version 0.27-a0-1500-g450c7e4133 (webtiles) character file.

Game seed: 7303187330481306942

10 dolemite99 the Ducker (level 2, -4/21 HPs)
             Began as a Djinni Fire Elementalist on July 7, 2021.
             Was an Initiate of Ru.
             Frozen to death by an endoplasm (6 damage)
             ... on level 1 of the Dungeon.
             The game lasted 00:00:38 (145 turns).

dolemite99 the Ducker (Djinni Fire Elementalist)     Turns: 145, Time: 00:00:39

Health: -4/21      AC:  2    Str:  7    XL:     2   Next: 30%
Gold:   7          EV: 12    Int: 16    God:    Ru [......] SH:  0 Dex: 13

rFire    + + .     SeeInvis .   (no weapon)
rCold    x . .     Faith    .   (no shield)
rNeg     . . .     Spirit   .   a - +0 robe
rPois    ∞         Reflect  .   (no helmet)
rElec    .         Harm     .   (no cloak)
rCorr    .         Rampage  .   (no gloves)
Will     .....                  (boots unavailable)
Stlth    ..........             (no amulet)
HPRegen  0.07/turn              (no ring)
MPRegen  0.00/turn              (no ring)

@: flying
A: sickness immunity, fire resistance 2, cold vulnerability 1, no stealth,
float, innate caster, hp casting, extra vitality 1
a: Renounce Religion


You were on level 1 of the Dungeon.
You worshipped Ru.
Ru was noncommittal.
You visited 1 branch of the dungeon, and saw 1 of its levels.

You collected 7 gold pieces.

Inventory:

Armour
 a - a +0 robe (worn)
Potions
 b - a potion of brilliance {unknown}
 c - a potion of heal wounds {unknown}


   Skills:
 + Level 2.6 Dodging
   Level 0.0 Stealth
 + Level 2.6 Spellcasting


You couldn't memorise any spells.
You knew the following spells:

 Your Spells              Type           Power      Damage    Failure   Level
a - Foxfire               Conj/Fire      40%        2x1d6     7%          1
b - Conjure Flame         Conj/Fire      10%        6-21      21%         3
c - Inner Flame           Hex/Fire       10%        N/A       21%         3
d - Sticky Flame          Conj/Fire      10%        2d3       54%         4
e - Fireball              Conj/Fire      5%         3d5       88%         5
Your spell library was empty.

Dungeon Overview and Level Annotations

Branches:
Dungeon (1/15)

Altars:
Ru


Innate Abilities, Weirdness & Mutations

You are immune to sickness and miasma.
You are immune to poison.
Your flesh is very heat resistant. (rF++)
You are vulnerable to cold. (rC-)
You cannot be stealthy.
You float through the air rather than walking.
You learn spells naturally, not from books.
Your magical power is your life essence.
You have superior vitality. (+4 HP)


Message History

The foxfire hits the gnoll.
The gnoll is moderately wounded.
The foxfire hits the gnoll but does no damage.
The gnoll is moderately wounded.
Casting: Foxfire (safe; 8% risk of failure)
Confirm with . or Enter, or press ? or * to list all spells.
You conjure some foxfire!
The gnoll hits you with a +0 vorpal flail.
The foxfire hits the gnoll.
The gnoll is heavily wounded.
The foxfire hits the gnoll.
The gnoll is severely wounded.
The gnoll hits you with a +0 vorpal flail.
* * * LOW HITPOINT WARNING * * *
x2
Casting: Foxfire (safe; 8% risk of failure)
Confirm with . or Enter, or press ? or * to list all spells.
You conjure some foxfire!
* * * LOW HITPOINT WARNING * * *
The gnoll barely misses you. The endoplasm hits you.
* * * LOW HITPOINT WARNING * * *
Your foxfire passes through a web.
The foxfire hits the gnoll.
The gnoll is almost dead.
The foxfire hits the gnoll.
You kill the gnoll!
The endoplasm closely misses you.
You have reached level 2!
The endoplasm freezes you.
You are frozen.
* * * LOW HITPOINT WARNING * * *
There is a sacrificial altar of Ru here.
The endoplasm oozes through a web.
The endoplasm barely misses you.
Casting: Foxfire (safe; 7% risk of failure)
Confirm with . or Enter, or press ? or * to list all spells.
You conjure some foxfire!
* * * LOW HITPOINT WARNING * * *
The endoplasm freezes you.
You are frozen.
You feel a terrible chill!
You die...

#.# ##### #.# ....#
#.# ##.## #.# ##.#
##.########## ##.#
##.......#...#
#..###........#.<.#
..###..#......#..v###
).###.######.##.@v..#
.^..#.# #.##.J.>.#
.._.†.# #.##.....# ..
#.^..## #.##...####
... ###..#
#.##...#..#.... ##...#
#.##...#..#.... ...#.#
#.##...#....#
####.#######.##.♣.#..#
#.........##.♣....#


You could see an endoplasm (ally target).

Vanquished Creatures
  A gnoll (D:1)
  A frilled lizard (D:1)
  A rat (D:1)
3 creatures vanquished.

Vanquished Creatures (others)
  9 foxfires (D:1)
9 creatures vanquished.

Grand Total: 12 creatures vanquished

Notes
Turn   | Place    | Note
-------+----------+-------------------------------------------
     0 | D:1      | dolemite99 the Djinni Fire Elementalist began the quest for
                  | the Orb.
     0 | D:1      | Reached XP level 1. HP: 15/15 MP: 0/0
    54 | D:1      | Found a faded altar of an unknown god.
    61 | D:1      | Became a worshipper of Ru the Awakened
    85 | D:1      | Gained mutation: You cannot be stealthy. [Ru sacrifice]
   116 | D:1      | Reached XP level 2. HP: 2/21 MP: 0/0
   117 | D:1      | HP: 1/21 [frozen (1)]
   145 | D:1      | Frozen to death by an endoplasm

Illustrated notes

Levels and vault maps discovered:
D:1:      amcnicky_arrival_blooded_trapdoor, layout_rooms,
          ebering_ecumenical_altar_webs

Skill      XL: |  1 |
---------------+----+-----
Stealth        | 0 |  0.0
Dodging        | |  2.6
Spellcasting   | |  2.6

Action                   || total
-------------------------++-------
 Cast: Foxfire           ||     6
Invok: Sacrifice Stealth ||     1
Armor: Robe              ||     1
Dodge: Dodged            ||     4

Table legend: (Time is in decaauts)
 A = Elapsed time spent in this place.
 B = Non-inter-level travel time spent in this place.
 C = Inter-level travel time spent in this place.
 D = Time resting spent in this place.
 E = Time spent auto-exploring this place.
 F = Levels seen in this place.
 G = Mean time per level.
                   A        B        C        D        E       F      G
               +--------+--------+--------+--------+--------+-----+--------+
         Total |    145 |    145 |      0 |      0 |     72 |   1 |  145.0 |
       Dungeon |    145 |    145 |      0 |      0 |     72 |   1 |  145.0 |
               +--------+--------+--------+--------+--------+-----+--------+

Top non-repeatable levels by time:
     D:1: 145 daAuts
